 Dungeon Sprint DCSS version 0.17-a0-1450-g7e755d1 (webtiles) character file.

2464 pulse the Severer (level 9, -1/65 HPs)
             Began as a Formicid Fighter on June 30, 2015.
             Was a Priest of Qazlal.
             Slain by a troll (10 damage)
             ... in the Dungeon (Sprint IX: "|||||||||||||||||||||||||||||").
             The game lasted 00:02:21 (430 turns).

pulse the Severer (Formicid Fighter)                 Turns: 430, Time: 00:02:21

Health: -1/65      AC: 11    Str: 25    XL:     9   Next: 79%
Magic:  9/9        EV:  9    Int: 10    God:    Qazlal [***...]
Gold:   0          SH: 13    Dex: 10    Spells: 0 memorised, 8 levels left

rFire  . . .     SeeInvis +     r - +3 war axe (chop)
rCold  . . .     Clarity  .     s - +2 ring mail
rNeg   . . .     SustAt   .     c - +0 shield
rPois  .         Gourm    .     (helmet unavailable)
rElec  .         Spirit   .     o - +0 cloak
rCorr  .         Warding  .     (no gloves)
rMut   .         Stasis   +     (no boots)
MR     .....                    (no amulet)
Stlth  ..........               q - +2 ring of protection
                                p - +3 ring of intelligence

@: not resistant to hostile enchantments, extremely unstealthy
A: permanent stasis, dig shafts and tunnels, four strong arms, antennae 3
a: Dig, Upheaval, Elemental Force, Renounce Religion


You were in the Dungeon.
You worshipped Qazlal.
Qazlal was most pleased with you.
You were not hungry.

You visited 1 branch

Inventory:

Hand weapons
 r - a +3 war axe of chopping (weapon)
Armour
 c - a +0 shield (worn)
 o - a +0 cloak (worn)
 s - a +2 ring mail (worn)
Jewellery
 p - a +3 ring of intelligence (left hand)
 q - a +2 ring of protection (right hand)
Magical devices
 n - a wand of fire (7)
Scrolls
 k - 2 scrolls of blinking
 l - 3 scrolls of remove curse
 m - 2 scrolls of amnesia
Potions
 d - a potion of invisibility
 f - 5 potions of curing
 g - a potion of heal wounds
 h - a potion of haste
 i - 4 potions of magic
 j - a potion of berserk rage
Comestibles
 e - a bread ration


   Skills:
 - Level 4.2 Fighting
 * Level 19.2 Axes
 - Level 4.0 Armour
 - Level 4.2 Shields


You had 8 spell levels left.
You didn't know any spells.

Dungeon Overview and Level Annotations

Branches:
Dungeon (1/1)

Altars:
Cheibriados
Dithmenos
Elyvilon
Fedhas
Gozag
Kikubaaqudgha
Makhleb
Nemelex Xobeh
Okawaru
Qazlal
Ru
Sif Muna
Trog
Vehumet
Xom
Yredelemnul
Zin
The Shining One
Beogh
Jiyva
Lugonu


Innate Abilities, Weirdness & Mutations

You are under a permanent stasis effect.
You can dig through walls and to a lower floor.
Your four strong arms can wield two-handed weapons with a shield.
You have a pair of large antennae on your head (SInv).


Message History

You slash the troll!
The troll is heavily wounded.
The troll bites you. The troll claws you!
* * * LOW HITPOINT WARNING * * *
You block the troll's attack.
You are too injured to fight recklessly!
You are too injured to fight recklessly!
You are too injured to fight recklessly!
You are too injured to fight recklessly!
You are too injured to fight recklessly!
You are too injured to fight recklessly!
You slash the troll!
The troll is severely wounded.
You block the troll's attack. The troll claws you.
* * * LOW HITPOINT WARNING * * *
You block the troll's attack.
You hit the troll.
The troll is almost dead.
You block the troll's attack. The troll claws you!
You die...

▓.▓
▓.▓
{
▓'▓
▓_▓
▓_▓
▓_▓
▓_▓
▓_▓
{
▓@▓
{
▓T▓
{
▓K▓
{
▓_▓
{
▓_▓
{
▓_▓
{
▓_▓
{
▓_▓
{
▓_▓


You could see a troll and a big kobold.

Vanquished Creatures
  A centaur warrior (D)
  An unseen horror (D)
  A hill giant (D)
  A troll (D)
  A two-headed ogre (D)
  A sky beast (D)
  An ogre (D)
  A giant frog (D)
  A big kobold (D)
  A hound (D)
  A worker ant (D)
  An orc (D)
  A bat zombie (D)
  A giant cockroach (D)
  A goblin (D)
  3 hobgoblins (D)
  A jackal (D)
  A kobold (D)
20 creatures vanquished.

Notes
Turn   | Place    | Note
--------------------------------------------------------------
     0 | D        | pulse the Formicid Fighter began the quest for the Orb.
     0 | D        | Reached XP level 1. HP: 18/18 MP: 1/1
     8 | D        | Reached skill level 4 in Shields
    12 | D        | Reached XP level 2. HP: 22/25 MP: 2/2
    46 | D        | Noticed an ogre
    52 | D        | Killed an ogre
    52 | D        | Reached skill level 8 in Axes
    52 | D        | Reached XP level 3. HP: 16/30 MP: 3/3
    52 | D        | Reached XP level 4. HP: 19/37 MP: 4/4
    95 | D        | Found a glowing silver altar of Zin.
    95 | D        | Found a glowing golden altar of the Shining One.
    95 | D        | Found an ancient bone altar of Kikubaaqudgha.
    95 | D        | Found a basalt altar of Yredelemnul.
    95 | D        | Found a shimmering altar of Xom.
    95 | D        | Found a radiant altar of Vehumet.
    96 | D        | Found an iron altar of Okawaru.
    97 | D        | Found a burning altar of Makhleb.
    98 | D        | Found a deep blue altar of Sif Muna.
    99 | D        | Found a bloodstained altar of Trog.
   100 | D        | Found a sparkling altar of Nemelex Xobeh.
   101 | D        | Found a white marble altar of Elyvilon.
   102 | D        | Found a roughly hewn altar of Beogh.
   103 | D        | Found a viscous altar of Jiyva.
   104 | D        | Found a corrupted altar of Lugonu.
   105 | D        | Found a blossoming altar of Fedhas.
   106 | D        | Found a snail-covered altar of Cheibriados.
   107 | D        | Found a shadowy altar of Dithmenos.
   108 | D        | Found a stormy altar of Qazlal.
   109 | D        | Found an opulent altar of Gozag.
   110 | D        | Found a sacrificial altar of Ru.
   116 | D        | Became a worshipper of Qazlal Stormbringer
   170 | D        | Noticed a two-headed ogre
   170 | D        | Noticed a hill giant
   170 | D        | Noticed a big kobold
   170 | D        | Noticed a sky beast
   170 | D        | Noticed an unseen horror
   170 | D        | Noticed a worker ant
   174 | D        | Killed a two-headed ogre
   174 | D        | Reached skill level 12 in Axes
   174 | D        | Reached XP level 5. HP: 28/42 MP: 5/5
   174 | D        | Reached XP level 6. HP: 32/48 MP: 6/6
   178 | D        | Killed a hill giant
   178 | D        | Reached skill level 15 in Axes
   178 | D        | Reached XP level 7. HP: 31/54 MP: 7/7
   178 | D        | Reached XP level 8. HP: 34/60 MP: 8/8
   184 | D        | Killed a big kobold
   184 | D        | Acquired Qazlal's first power
   187 | D        | Killed a sky beast
   194 | D        | Killed an unseen horror
   194 | D        | Reached skill level 17 in Axes
   194 | D        | Reached XP level 9. HP: 39/65 MP: 9/9
   198 | D        | Killed a worker ant
   198 | D        | Acquired Qazlal's second power
   371 | D        | Noticed a giant frog
   371 | D        | Noticed a hound
   371 | D        | Noticed a centaur warrior
   371 | D        | Noticed a troll
   371 | D        | Noticed a troll
   371 | D        | Noticed a big kobold
   374 | D        | Killed a giant frog
   385 | D        | Killed a centaur warrior
   385 | D        | Reached skill level 18 in Axes
   386 | D        | Killed a hound
   426 | D        | Killed a troll
   426 | D        | Acquired Qazlal's third power
   426 | D        | Reached skill level 19 in Axes
   430 | D        | Slain by a troll

Vault maps used:
D:        linesprint

Action                   |  1- 3 |  4- 6 |  7- 9 || total
-------------------------+-------+-------+-------++-------
Melee: War axe           |    13 |    11 |    42 ||    66
  Use: Potion            |     1 |     1 |     1 ||     3
